 Dungeon Crawl Stone Soup version 0.17.1-3-g152610e (webtiles) character file.

1164 Inkary the Ruffian (level 8, -2/79 HPs)
             Began as a Troll Monk on Apr 27, 2016.
             Slain by princess's ghost (4 damage)
             ... on level 6 of the Dungeon.
             The game lasted 00:14:48 (3537 turns).

Inkary the Ruffian (Troll Monk)                     Turns: 3537, Time: 00:14:49

Health: -2/79      AC:  5    Str: 25    XL:     8   Next: 17%
Magic:  7/7        EV: 12    Int:  6    God:
Gold:   257        SH:  0    Dex: 14    Spells: 0 memorised, 7 levels left

rFire  . . .     SeeInvis .       - Unarmed
rCold  . . .     Clarity  .     a - +0 robe
rNeg   . . .     SustAt   .     (no shield)
rPois  .         Gourm    +     (helmet restricted)
rElec  .         Spirit   .     (no cloak)
rCorr  .         Warding  .     (gloves unavailable)
rMut   .         Stasis   .     (boots unavailable)
MR     +....                    (no amulet)
Stlth  +++.......               t - ring of protection from magic
                                m - ring of stealth

@: mighty, somewhat resistant to hostile enchantments, fairly stealthy
A: unfitting armour, claws 3, fast metabolism 3, gourmand, regeneration 2,
shaggy fur 1, tough skin 2
a: no special abilities


You were on level 6 of the Dungeon.
You were completely stuffed.

You visited 1 branch of the dungeon, and saw 6 of its levels.

You collected 257 gold pieces.

Inventory:

Armour
 a - a +0 robe (worn)
Jewellery
 m - a ring of stealth (left claw)
 t - a ring of protection from magic (right claw)
 v - an uncursed ring of stealth
Scrolls
 e - 4 scrolls of identify {unknown}
 f - a scroll of enchant weapon {unknown}
 g - 2 scrolls of enchant armour {unknown}
 i - a scroll of fear {unknown}
 j - 3 scrolls of magic mapping {unknown}
 l - a scroll of recharging {unknown}
 q - 2 scrolls of remove curse {unknown}
 u - a scroll of fog {unknown}
 w - 2 scrolls of random uselessness {unknown}
 y - a scroll of noise {unknown}
 A - a scroll of teleportation {unknown}
Potions
 d - a potion of cure mutation {unknown}
 k - a potion of curing {unknown}
 r - 3 potions of haste {unknown}
 s - a potion of mutation {unknown}
 x - a potion of agility {unknown}
 z - a potion of lignification {unknown}
Comestibles
 b - 4 bread rations
 h - 2 meat rations
 n - 3 beef jerkies
 o - 4 chunks of flesh
 p - 3 fruits


   Skills:
 + Level 4.8 Fighting
 + Level 4.9 Dodging
 - Level 3.0 Stealth
 + Level 6.5 Unarmed Combat


You had 7 spell levels left.
You didn't know any spells.

Dungeon Overview and Level Annotations

Branches:
Dungeon (6/15)
 Temple: D:4-7

Altars:

Annotations:
D:6 princess's ghost, novice GrCj


Innate Abilities, Weirdness & Mutations

You are too large for most types of armour.
You have claws for hands.
Your metabolism is lightning-fast.
You like to eat raw meat.
You heal very quickly.
You are covered in fur (AC +1).
You have very tough skin (AC +2).


Message History

You are too injured to fight recklessly!
You are too injured to fight recklessly!
Drink which item? (? for menu, Esc to quit)
You feel very mighty all of a sudden. Princess's ghost hits you.
* * * LOW HITPOINT WARNING * * *
You miss princess's ghost.
Princess's ghost is moderately damaged.
Princess's ghost barely misses you.
You claw princess's ghost!
Princess's ghost is severely damaged.
Princess's ghost hits you!
* * * LOW HITPOINT WARNING * * *
You scratch princess's ghost but do no damage.
Princess's ghost is severely damaged.
Princess's ghost closely misses you.
You barely miss princess's ghost.
Princess's ghost is severely damaged.
Princess's ghost hits you.
You die...

..........##.#
#..........#
#.W.....#..##
#.###..###.##)..##
.......###.#.###.#
...........))# #.#
......#|#....###.#
#.##. ##W...#...##
.. ##@..#.### .#
##.#..#.# a
..#.##..#.#
........#.#
..........#
########.### #.#
#.# #.#


You could see princess's ghost.

Vanquished Creatures
  An ice beast (D:5)
  2 ogres
  A centaur (D:5)
  2 scorpions
  5 orc priests
  A centaur skeleton (D:5)
  A centaur zombie (D:5)
  A giant frog skeleton (D:5)
  2 orc wizards (D:6)
  5 worker ants
  2 hound skeletons
  11 gnolls
  6 adders
  2 shadow imps (D:5)
  A worm (D:2)
  10 orcs
  10 bats
  6 goblins
  4 hobgoblins
  5 jackals
  5 kobolds
  2 quokkas
  A ball python (D:2)
  5 giant cockroaches
  3 giant geckos
  A giant gecko zombie (D:5)
  5 giant newts
  7 rats
107 creatures vanquished.

Notes
Turn   | Place    | Note
--------------------------------------------------------------
     0 | D:1      | Inkary the Troll Monk began the quest for the Orb.
     0 | D:1      | Reached XP level 1. HP: 22/22 MP: 0/0
   136 | D:1      | Reached XP level 2. HP: 29/29 MP: 1/1
   640 | D:2      | Reached XP level 3. HP: 34/36 MP: 2/2
  1271 | D:2      | Reached XP level 4. HP: 34/44 MP: 3/3
  1567 | D:3      | Reached XP level 5. HP: 31/53 MP: 4/4
  2058 | D:4      | Noticed an ogre
  2067 | D:4      | Killed an ogre
  2067 | D:4      | Reached skill level 5 in Unarmed Combat
  2067 | D:4      | Reached XP level 6. HP: 61/61 MP: 5/5
  2395 | D:5      | Entered Level 5 of the Dungeon
  2730 | D:5      | Reached XP level 7. HP: 42/68 MP: 6/6
  3111 | D:5      | Reached skill level 6 in Unarmed Combat
  3426 | D:6      | Reached XP level 8. HP: 48/79 MP: 7/7
  3484 | D:6      | Noticed princess's ghost (novice GrCj)
  3535 | D:6      | HP: 1/79 [princess's ghost (14)]
  3537 | D:6      | Slain by princess's ghost

Action                   |  1- 3 |  4- 6 |  7- 9 || total
-------------------------+-------+-------+-------++-------
Melee: Unarmed           |    98 |   110 |   141 ||   349
  Use: Potion            |       |     1 |     1 ||     2
 Stab: Sleeping          |     2 |     6 |     3 ||    11
  Eat: Chunk             |    17 |    13 |     8 ||    38
